 Dungeon Crawl Stone Soup version 0.26.1-2-gb8aa6d0 (webtiles) character file.

Game seed: 3452450257321795918

1103 Nithhogg the Sneak (level 8, 0/56 HPs)
             Began as an Octopode Monk on Mar 29, 2021.
             Was a Believer of Cheibriados.
             Slain by an ogre
             ... wielding a +0 giant club
              (32 damage)
             ... on level 6 of the Dungeon.
             The game lasted 00:07:43 (4706 turns).

Nithhogg the Sneak (Octopode Monk)                  Turns: 4706, Time: 00:07:44

Health: 0/56       AC:  1    Str: 14    XL:     8   Next: 32%
Magic:  8/8        EV: 21    Int: 16    God:    Cheibriados [**....]
Gold:   283        SH:  5    Dex: 21    Spells: 7/7 levels left

rFire    . . .     SeeInvis .     - Unarmed
rCold    . . .     Faith    .   (no shield)
rNeg     . . .     Spirit   .   (helmet restricted)
rPois    .         Reflect  +   s - amulet of reflection
rElec    .         Harm     .   a - ring of fire
rCorr    .         Rampage  .   b - +4 ring of evasion
Will     .....                  p - ring of ice
Stlth    +++++.....             (no ring)
HPRegen  0.18/turn              (no ring)
MPRegen  0.11/turn              (no ring)
                                (no ring)
                                (no ring)

@: very slow
A: almost no armour, stealthy swim, amphibious, 8 rings, constrict 8, camouflage
1, gelatinous body 1
a: Renounce Religion, Bend Time


You were on level 6 of the Dungeon.
You worshipped Cheibriados.
Cheibriados was pleased with you.
You visited 2 branches of the dungeon, and saw 7 of its levels.

You collected 283 gold pieces.

Inventory:

Jewellery
 a - a ring of fire (left tentacle)
 b - a +4 ring of evasion (right tentacle)
 p - a ring of ice (on tentacle)
 q - an uncursed amulet of magic regeneration
 s - an amulet of reflection (around mantle)
Wands
 e - a wand of acid (8)
 l - a wand of disintegration (13)
 o - a wand of random effects (16)
Scrolls
 c - 4 scrolls of teleportation
 d - 3 scrolls of enchant armour
 f - 8 scrolls of identify
 g - 4 scrolls of remove curse
Potions
 i - 4 potions of ambrosia {unknown}
 k - a potion of curing {unknown}
 m - a potion of degeneration {unknown}
 r - a potion of invisibility {unknown}
 t - a potion of heal wounds {unknown}


   Skills:
 + Level 5.6 Fighting
 + Level 5.6 Dodging
 + Level 7.3 Stealth
 + Level 5.6 Unarmed Combat


You had 7 spell levels left.
You didn't know any spells.
Your spell library was empty.

Dungeon Overview and Level Annotations

Branches:
Dungeon (6/15)             Temple (1/1) D:5

Altars:
Ashenzari
Cheibriados
Dithmenos
Elyvilon
Fedhas
Gozag
Hepliaklqana
Kikubaaqudgha
Makhleb
Qazlal
Ru
Vehumet
Wu Jian
Yredelemnul
The Shining One
Lugonu

Shops:
D:4 :*


Innate Abilities, Weirdness & Mutations

You cannot wear most types of armour.
You are very stealthy in the water. (Stealth+)
You are amphibious.
You can wear up to eight rings at the same time.
You can use your tentacles to constrict eight enemies at once.
Your skin changes colour to match your surroundings (Stealth+).
Your rubbery body absorbs attacks. (AC +1, EV +1)


Message History

The centaur unwields a +0 shortbow.
The centaur completely misses you.
You see here an arrow.
You closely miss the centaur. You squeeze the centaur.
The centaur is lightly wounded.
The centaur closely misses you.
You barely miss the centaur.
The centaur is lightly wounded.
The centaur closely misses you.
You bludgeon the centaur!
The centaur is heavily wounded.
The centaur barely misses you. x2
You tentacle-slap the centaur but do no damage.
The centaur is heavily wounded.
The centaur completely misses you.
You tentacle-slap the centaur but do no damage.
The centaur is heavily wounded.
The centaur closely misses you.
The ogre hits you with a +0 giant club!!
Ouch! That really hurt!
You die...

#..# .. #.. ##...#
.. ....
#.....##.##....
#..............
...............
.....?.........
#......c.....#
##.....@O..##
#......(....#
###......(....##
##.#[.....(.....##
#....#............
[...#....(....##.
#..##.##.#####
##..........#
#...........#


You could see an ogre and a centaur.

Vanquished Creatures
  Pikel (D:4)
  An ogre (D:4)
  3 lemures (D:4)
  A bullfrog zombie (D:5)
  3 jellies
  6 orc wizards
  A worker ant (D:4)
  A hound skeleton (D:4)
  4 gnolls (D:3)
  5 adders
  A shadow imp (D:5)
  A white imp (D:5)
  8 oozes (D:2)
  4 worms
  3 leopard geckos
  17 orcs
  2 ball pythons
  7 giant cockroaches
  8 goblins
  10 hobgoblins
  7 jackals
  13 kobolds
  6 bats
  4 frilled lizards
  5 rats
  3 rat zombies (D:5)
125 creatures vanquished.

Vanquished Creatures (others)
  A fungus (D:2)
  5 toadstools (D:2)
6 creatures vanquished.

Grand Total: 131 creatures vanquished

Notes
Turn   | Place    | Note
-------+----------+-------------------------------------------
     0 | D:1      | Nithhogg the Octopode Monk began the quest for the Orb.
     0 | D:1      | Reached XP level 1. HP: 16/16 MP: 1/1
   201 | D:1      | Reached skill level 3 in Stealth
   201 | D:1      | Reached XP level 2. HP: 21/21 MP: 2/2
   686 | D:2      | Reached XP level 3. HP: 8/26 MP: 3/3
   948 | D:2      | Reached XP level 4. HP: 23/31 MP: 4/4
   957 | D:2      | Reached skill level 4 in Stealth
  1417 | D:2      | Found a hazy altar of Hepliaklqana.
  1643 | D:2      | Reached XP level 5. HP: 37/37 MP: 5/5
  2423 | D:3      | Reached XP level 6. HP: 36/43 MP: 6/6
  2440 | D:3      | Reached skill level 5 in Stealth
  2575 | D:3      | You fall into a shaft and drop 2 floors!
  2575 | D:5      | Entered Level 5 of the Dungeon
  2752 | D:4      | Noticed Pikel
  2769 | D:4      | Killed Pikel
  2770 | D:4      | Reached skill level 5 in Fighting
  2770 | D:4      | Reached skill level 5 in Dodging
  2770 | D:4      | Reached skill level 6 in Stealth
  2770 | D:4      | Reached skill level 5 in Unarmed Combat
  2770 | D:4      | Reached XP level 7. HP: 18/50 MP: 7/7
  2975 | D:4      | Found Makhloom's Book Shoppe.
  3065 | D:2      | Found a glowing golden altar of the Shining One.
  3065 | D:2      | Found a white marble altar of Elyvilon.
  3068 | D:2      | Found an opulent altar of Gozag.
  3376 | D:4      | Found Udij Xiu's Assorted Antiques.
  3639 | D:4      | Reached XP level 8. HP: 55/55 MP: 8/8
  3863 | D:5      | Reached skill level 7 in Stealth
  4069 | D:5      | Found a staircase to the Ecumenical Temple.
  4101 | Temple   | Entered the Ecumenical Temple
  4245 | D:5      | Found an ancient bone altar of Kikubaaqudgha.
  4299 | D:5      | Found a snail-covered altar of Cheibriados.
  4308 | D:5      | Became a worshipper of Cheibriados the Contemplative
  4308 | D:5      | Reached * piety under Cheibriados
  4308 | D:5      | Reached ** piety under Cheibriados
  4511 | D:5      | Found an ornate altar of the Wu Jian Council.
  4553 | D:5      | Found a broken altar of Ashenzari.
  4706 | D:6      | Slain by an ogre

Illustrated notes

Levels and vault maps discovered:
D:1:      dpeg_arrival_boxes_within_box, layout_rooms
D:2:      cheibrodos_fertilizer, layout_basic, nzn_hepliaklqana_mist_gate,
          nicolae_overflow_hidden_temple, minmay_misc_feat_x
D:3:      cheibrodos_greedy_goblins, layout_loops_cross
D:4:      layout_rooms, serial_shops, nicolae_shop_behind_doors,
          kennysheep_mini, uniq_pikel
D:5:      layout_gridville, lemuel_zombie_altar_kikubaaqudgha,
          ashenzari_conservatory_becter, nicolae_overflow_crystal_walls,
          kennysheep_mini_moat, minmay_temple_entry_glass,
          chequers_decorated_corner, saegor_snake_ambush
D:6:      layout_cave_pools, dancing_weapons_uskayaw, okawaru_altar_gauntlet_db,
          marbit_many_paths
Temple:   corrupted_temple

Skill      XL: |  1  2  3  4  5  6  7  8 |
---------------+-------------------------+-----
Stealth        | 3 4 6 7 |  7.3
Dodging        | 4 5 |  5.6
Unarmed Combat | 4 5 |  5.6
Fighting       | 4 5 |  5.6

Action                   |  1- 3 |  4- 6 |  7- 9 || total
-------------------------+-------+-------+-------++-------
Melee: Unarmed           |    61 |   151 |    77 ||   289
       Constrict         |    13 |    44 |    24 ||    81
       Tentacles         |     8 |    46 |    18 ||    72
       Punch             |     2 |     5 |     1 ||     8
  Use: Potion            |     1 |     1 |       ||     2
       Scroll            |       |       |     6 ||     6
 Stab: Sleeping          |     6 |     7 |    15 ||    28
Armor: Skin              |     5 |     4 |     2 ||    11
Dodge: Dodged            |    49 |   131 |    55 ||   235
Block: Other             |       |       |     8 ||     8
